 Dungeon Crawl Stone Soup version 0.28.0-53-g5a82cb258f (webtiles) character file.

Game seed: 14634593794626700976

53 DildoBatman the Conjurer (level 4, -9/29 (30) HPs)
             Began as a Formicid Conjurer on June 1, 2022.
             Mangled by a worm (11 damage)
             ... on level 3 of the Dungeon.
             The game lasted 00:02:53 (1064 turns).

DildoBatman the Conjurer (Formicid Conjurer)        Turns: 1064, Time: 00:02:54

HP:   -9/29 (30)    AC:  2    Str: 12    XL:     4   Next: 10%
MP:   3/7           EV:  9    Int: 17    God:
Gold: 47            SH:  0    Dex: 11    Spells: 4/7 levels left

rFire   . . .      SeeInvis +   c - +0 mace
rCold   . . .      Faith    .   (no shield)
rNeg    . . .      Spirit   .   a - +0 robe
rPois   .          Reflect  .   (helmet unavailable)
rElec   .          Harm     .   (no cloak)
rCorr   .          Rampage  .   (no gloves)
Will    .....                   (no boots)
Stlth   ++........              (no amulet)
HPRegen 0.09/turn               (no ring)
MPRegen 0.10/turn               (no ring)

@: constricted, lightly drained
A: permanent stasis, dig shafts and tunnels, antennae 3, four strong arms
a: Dig, Shaft Self


You were on level 3 of the Dungeon.
You visited 1 branch of the dungeon, and saw 3 of its levels.

You collected 47 gold pieces.

Inventory:

Hand Weapons
 c - a +0 mace (weapon)
Missiles
 e - 5 boomerangs
 h - 44 arrows
 i - 24 stones
 l - 10 bolts
Armour
 a - a +0 robe (worn)
Scrolls
 b - a scroll of teleportation {unknown}
 d - a scroll of blinking {unknown}
 f - a scroll of holy word {unknown}
 g - 4 scrolls of identify {unknown}
 j - a scroll of immolation {unknown}
 k - a scroll of torment {unknown}
Potions
 m - 2 potions of heal wounds {unknown}


   Skills:
 - Level 1.7 Dodging
 - Level 2.4 Stealth
 - Level 2.1 Spellcasting
 * Level 4.9 Conjurations


You had 4 spell levels left.
You knew the following spells:

 Your Spells              Type           Power      Damage    Failure   Level
a - Searing Ray           Conj           36%        2d5       3%          2
c - Magic Dart            Conj           72%        1d6       2%          1

Your spell library contained the following spells:

 Spells                   Type           Power      Damage    Failure   Level
 Dazzling Flash           Conj/Hex       20%        N/A       21%         3
 Gell's Gravitas          Tloc           1%         N/A       50%         3
 Lesser Beckoning         Tloc           1%         N/A       50%         3
 Teleport Other           Tloc           1%         N/A       50%         3
 Fulminant Prism          Conj/Hex       5%         3d7       56%         4
 Iskenderun's Mystic Bla  Conj/Tloc      10%        2d4       56%         4


Dungeon Overview and Level Annotations

Branches:
Dungeon (3/15)

Altars:

Annotations:
D:2 Jessica, Sigmund


Innate Abilities, Weirdness & Mutations

You cannot be hasted, slowed, berserked, paralysed or teleported.
You can dig through walls and to a lower floor.
You have a pair of large antennae on your head. (SInv)
Your four strong arms can wield two-handed weapons with a shield.


Message History

What are your orders? t - Shout!
Orders for allies: a - Attack new target. r - Retreat! s - Stop attacking. g - Guard the area. f - Follow me.
Anything else - Cancel.
You shout for attention!
A kobold comes into view. It is wielding a +0 dagger.
The ball python barely misses you. The ball python constricts you.
What are your orders? t - Shout!
Orders for allies: a - Attack new target. r - Retreat! s - Stop attacking. g - Guard the area. f - Follow me.
Anything else - Cancel.
You shout for attention!
The ball python bites you. The ball python constricts you. The worm bites you!
What are your orders? t - Shout!
Orders for allies: a - Attack new target. r - Retreat! s - Stop attacking. g - Guard the area. f - Follow me.
Anything else - Cancel.
You shout for attention!
The ball python closely misses you. The ball python constricts you.
What are your orders? t - Shout!
Orders for allies: a - Attack new target. r - Retreat! s - Stop attacking. g - Guard the area. f - Follow me.
Anything else - Cancel.
You shout for attention!
The ball python closely misses you. The ball python constricts you.
The worm bites you!
You die...

...# .#
....## .
#....# .###
.##....#)..#
........##.##
.....g......#
..K...Sw....#
.S..#@....# #
#.....#
#.....#
#.....#
#...<)##
######.# ###


You could see a worm, a hobgoblin, a ball python and a kobold.

Vanquished Creatures
  2 adders
  A dart slug (D:2)
  An orc (D:3)
  A ball python (D:2)
  2 endoplasms
  2 giant cockroaches
  A goblin (D:1)
  6 hobgoblins
  6 kobolds
  A quokka (D:1)
  A bat (D:1)
  2 frilled lizards (D:1)
  2 rats (D:1)
28 creatures vanquished.

Notes
Turn   | Place    | Note
-------+----------+-------------------------------------------
     0 | D:1      | DildoBatman the Formicid Conjurer began the quest for the
                  | Orb.
     0 | D:1      | Reached XP level 1. HP: 13/13 MP: 3/3
    86 | D:1      | Reached XP level 2. HP: 17/19 MP: 1/5
    89 | D:1      | Learned a level 2 spell: Searing Ray
   130 | D:1      | Reached skill level 4 in Conjurations
   469 | D:1      | Reached XP level 3. HP: 16/24 MP: 3/6
   655 | D:2      | Found a faded altar of an unknown god.
   792 | D:2      | Noticed Sigmund
   906 | D:2      | Noticed Jessica
  1046 | D:3      | Reached XP level 4. HP: 27/29 MP: 1/7
  1064 | D:3      | Mangled by a worm

Illustrated notes

Levels and vault maps discovered:
D:1:      ncdulo_wetmaze, layout_basic
D:2:      layout_basic, ebering_ecumenical_altar_hall, minmay_misc_feat_five,
          uniq_jessica, uniq_sigmund
D:3:      layout_rooms, uniq_terence, uniq_crazy_yiuf_cottage

Skill      XL: |  1  2 |
---------------+-------+-----
Conjurations   | 4 |  4.9
Dodging        | |  1.7
Stealth        | |  2.4
Spellcasting   | |  2.1

Action                   |  1- 3 |  4- 6 || total
-------------------------+-------+-------++-------
Melee: Mace              |    23 |       ||    23
 Cast: Magic Dart        |    16 |       ||    16
       Searing Ray       |     9 |       ||     9
 Abil: Dig               |     1 |       ||     1
 Stab: Sleeping          |     3 |       ||     3
Armor: Robe              |     6 |       ||     6
Dodge: Dodged            |    25 |     6 ||    31
